 Dungeon Crawl Stone Soup version 0.22.1-2-g9c5b331 (webtiles) character file.

570 WarriorsX the Chiller (level 7, -12/50 HPs)
             Began as a Grey Draconian Ice Elementalist on Dec 28, 2018.
             Was an Initiate of Nemelex Xobeh.
             Mangled by Prince Ribbit (14 damage)
             ... on level 5 of the Dungeon.
             The game lasted 00:25:57 (6029 turns).

WarriorsX the Chiller (DrIE)                        Turns: 6029, Time: 00:25:57

Health: -12/50     AC: 12    Str: 10 (11) XL:     7   Next: 11%
Magic:  13/14      EV: 11    Int: 16 (17) God:    Nemelex Xobeh [......]
Gold:   242        SH:  0    Dex: 10 (11) Spells: 14/15 levels left

rFire    + . .     SeeInvis .   i - staff of death
rCold    . . .     Gourm    .   (no shield)
rNeg     + . .     Faith    .   (armour unavailable)
rPois    .         Spirit   .   (helmet restricted)
rElec    .         Reflect  .   c - +0 cloak
rCorr    .         Harm     .   (no gloves)
MR       .....                  (no boots)
Stlth    ++........             (no amulet)
HPRegen  0.16/turn              e - ring of protection from fire
MPRegen  0.14/turn              (no ring)

@: heavily drained
A: walk through water, unfitting armour, hooves 1, blink, unbreathing, evolution
1, cold-blooded, AC +11
a: Blink, Renounce Religion


You were on level 5 of the Dungeon.
You worshipped Nemelex Xobeh.
Nemelex Xobeh was noncommittal.
You were not hungry.

You visited 1 branch of the dungeon, and saw 6 of its levels.

You collected 242 gold pieces.

Inventory:

Armour
 c - a +0 cloak (worn)
Magical Staves
 i - an uncursed staff of death (weapon)
Jewellery
 e - a ring of protection from fire (left hand)
Scrolls
 a - 3 scrolls of remove curse
 f - 2 scrolls of identify
 g - a scroll of noise {unknown}
 j - a scroll of enchant weapon
 k - a scroll of amnesia {unknown}
 n - 2 scrolls of fog
 o - a scroll of enchant armour
Potions
 d - a potion of haste {unknown}
 l - 3 potions of flight
 m - a potion of resistance {unknown}
 p - a potion of lignification {unknown}
 r - a potion of might {unknown}
Miscellaneous
 h - a plain deck of summoning
Comestibles
 b - a ration
 q - 2 chunks of flesh


   Skills:
   Level 0.1(0.0) Polearms
 - Level 2.0(0.5) Dodging
 - Level 4.0(2.4) Stealth
 - Level 4.9(3.2) Spellcasting
   Level 1.0(0.0) Conjurations
 - Level 5.0(3.4) Ice Magic
 * Level 0.9(0.0) Evocations


You had 14 spell levels left.
You knew the following spells:

 Your Spells              Type           Power        Failure   Level  Hunger
a - Freeze                Ice            ##..         4%          1    None

Your spell library contained the following spells:

 Spells                   Type           Power        Failure   Level  Hunger
 Throw Frost              Conj/Ice       #.....       14%         2    ##.....
 Ozocubu's Armour         Chrm/Ice       #.......     26%         3    ###....
 Summon Ice Beast         Ice/Summ       #.......     65%         4    ####...
 Throw Icicle             Conj/Ice       #.......     65%         4    ####...


Dungeon Overview and Level Annotations

Branches:
Dungeon (6/15)
 Temple: D:4-7

Altars:
Cheibriados
Gozag
Nemelex Xobeh
Qazlal
Trog

Annotations:
D:3 Grinder
D:5 Prince Ribbit


Innate Abilities, Weirdness & Mutations

You can walk through water.
Your dull iron-grey scales are very hard. (AC +11)
You cannot fit into any form of body armour.
You can survive without breathing.
You are cold-blooded and may be slowed by cold attacks.
You have large cloven feet.
You can translocate small distances at will.
You evolve.


Message History

You found a shaft!
Found a paperback book, 12 gold pieces and a ration.
Found an escape hatch in the floor.
Found a stone staircase leading down.
There is a stone staircase leading up here.
Prince Ribbit hits you.
You climb upwards.
The ogre hits you but does no damage.
There is a stone staircase leading down here.
Prince Ribbit hits you.
Found a stone staircase leading down.
You blink.
You feel slightly more hungry.
Prince Ribbit hits you but does no damage.
Prince Ribbit sighs, "It's not easy being green!"
Prince Ribbit hits you!
* * * LOW HITPOINT WARNING * * *
You don't have enough health at the moment.
Unknown command.
Okay, then.
Prince Ribbit hits you!
You die...
Your body disappears without a glow.

#.# #.##..... #.# #.##.##.#
######.# #.##.##.# ...
#......#### #.......# #.. ##
#.###.....#####...### #.. ...
#.##.......# #...# ##..
...F#.##.......####...##### ##...
.?..........<.............###.#..
....#.##........@.......#.)...#.#
... #.##.........F........#...#..
.. #.##.......###O.....###.##...
. #..........###....#.# #.###.#
###.#########.......# #.##... #.
#.......###.##..# #.
#..#........##...
#......>##.......
#.####.###.###.##


You could see Prince Ribbit and an ogre.

Vanquished Creatures
  A howler monkey (D:4)
  A crimson imp (D:5)
  An orc priest (D:4)
  2 worker ants
  3 orc wizards
  Natasha (thrice) (D:2 D:3)
  Robin (D:2)
  13 adders
  A shadow imp (D:4)
  An adder skeleton (D:4)
  3 dart slugs
  2 leopard geckos
  16 orcs
  5 giant cockroaches
  16 goblins
  9 hobgoblins
  2 jackals
  7 kobolds
  A quokka (D:5)
  6 ball pythons
  14 bats
  3 frilled lizards
  A jackal skeleton (D:4)
  4 rats
116 creatures vanquished.

Vanquished Creatures (others)
  4 toadstools (D:1)
4 creatures vanquished.

Grand Total: 120 creatures vanquished

Notes
Turn   | Place    | Note
-------+----------+-------------------------------------------
     0 | D:1      | WarriorsX the Draconian Ice Elementalist began the quest
                  | for the Orb.
     0 | D:1      | Reached XP level 1. HP: 14/14 MP: 3/3
   276 | D:1      | Reached XP level 2. HP: 20/20 MP: 1/5
  1242 | D:2      | Noticed Robin
  1244 | D:2      | Reached XP level 3. HP: 24/26 MP: 2/6
  1815 | D:2      | Reached skill level 4 in Ice Magic
  1815 | D:2      | Reached XP level 4. HP: 26/33 MP: 1/8
  2035 | D:2      | Noticed Natasha
  2050 | D:2      | Killed Natasha
  2100 | D:2      | Reached XP level 5. HP: 38/38 MP: 7/10
  2387 | D:2      | Noticed Natasha
  2642 | D:2      | Killed Robin
  2741 | D:2      | Gained mutation: You are agile. (Dex +2) [potion of
                  | mutation]
  2741 | D:2      | Gained mutation: Your muscles are strong. (Str +2) [potion
                  | of mutation]
  2741 | D:2      | Gained mutation: You have a pair of small horns on your
                  | head. [potion of mutation]
  2944 | D:3      | Lost mutation: Your muscles are strong. (Str +2) [potion of
                  | mutation]
  2944 | D:3      | Lost mutation: You are agile. (Dex +2) [potion of mutation]
  2944 | D:3      | Lost mutation: You have a pair of small horns on your head.
                  | [potion of mutation]
  2944 | D:3      | Gained mutation: You evolve. [potion of mutation]
  2944 | D:3      | Gained mutation: You can translocate small distances at
                  | will. [potion of mutation]
  2989 | D:3      | Found a stormy altar of Qazlal.
  2992 | D:3      | Found a bloodstained altar of Trog.
  3024 | D:3      | Killed Natasha
  3024 | D:3      | Reached skill level 5 in Ice Magic
  3089 | D:3      | Reached XP level 6. HP: 33/45 MP: 7/12
  3211 | D:3      | Noticed Natasha
  3226 | D:3      | Killed Natasha
  3285 | D:3      | Found an opulent altar of Gozag.
  3434 | D:3      | Found a snail-covered altar of Cheibriados.
  3508 | D:3      | Noticed Grinder
  3515 | D:3      | Paralysed by Grinder for 4 turns
  4928 | D:3      | Gained mutation: You have large cloven feet. [evolution]
  5466 | D:3      | Found a sparkling altar of Nemelex Xobeh.
  5479 | D:3      | Became a worshipper of Nemelex Xobeh the Trickster
  5547 | D:5      | Entered Level 5 of the Dungeon
  5552 | D:5      | Your scales start taking on a dull iron-grey colour.
  5552 | D:5      | Reached XP level 7. HP: 42/50 MP: 10/14
  5552 | D:5      | Gained mutation: You can survive without breathing. [Grey
                  | Draconian growth]
  5650 | D:5      | Received a gift from Nemelex Xobeh
  5989 | D:5      | Noticed Prince Ribbit
  6027 | D:5      | HP: 2/50 [Prince Ribbit (13)]
  6029 | D:5      | Mangled by Prince Ribbit

Skill      XL: |  1  2  3  4  5  6 |
---------------+-------------------+-----
Dodging        | 2 |  2.0
Spellcasting   | 3 4 |  4.9
Ice Magic      | 4 5 |  5.0
Stealth        | 4 |  4.0
Polearms       | |  0.1
Conjurations   | |  1.0
Evocations     | |  0.9

Action                   |  1- 3 |  4- 6 |  7- 9 || total
-------------------------+-------+-------+-------++-------
Melee: Unarmed           |    30 |    33 |       ||    63
       Tailslap          |     2 |     5 |       ||     7
       Trident           |       |    33 |       ||    33
       Kick              |       |     5 |     1 ||     6
       Staff             |       |       |     5 ||     5
 Cast: Freeze            |    67 |   183 |    13 ||   263
 Abil: Blink             |       |     2 |     2 ||     4
  Use: Potion            |       |    11 |       ||    11
       Scroll            |       |     6 |       ||     6
  Eat: Chunk             |     3 |     5 |     2 ||    10
       Ration            |       |     2 |       ||     2
Armor: Skin              |    31 |    60 |     8 ||    99
Dodge: Dodged            |    83 |   123 |     8 ||   214
